 Dungeon Crawl Stone Soup version 0.30-a0-996-ga6910c8ee8 (webtiles) character file.

Game seed: 667779805189586279

380 ytrimaz the Chopper (level 7, -4/78 HPs)
             Began as a Formicid Fighter on Apr 5, 2023.
             Slain by an ogre
             ... wielding a +0 giant club
              (13 damage)
             ... on level 4 of the Dungeon.
             The game lasted 00:03:01 (2537 turns).

ytrimaz the Chopper (Formicid Fighter)              Turns: 2537, Time: 00:03:02

Health: -4/78      AC: 23    Str: 22    XL:     7   Next: 5%
Magic:  7/7        EV:  2    Int:  8    God:
Gold:   186        SH: 11    Dex: 13    Spells: 6/6 levels left

rFire   . . .      SeeInvis .    a - +0 war axe
rCold   . . .      Faith    .    c - +1 buckler
rNeg    + . .      Spirit   .    b - melded +0 scale mail
rPois   +          Reflect  +    (helmet unavailable)
rElec   .          Rampage  .    (cloak currently unavailable)
rCorr   .                        k - melded +0 pair of gloves
Will    .....                    j - melded +0 pair of boots
Stlth   +                        f - amulet of reflection
HPRegen 0.33/turn                h - ring of positive energy
MPRegen 0.10/turn                (no ring)

@: mighty, tree-form
A: stationary, stasis, torment immunity, boosted hp, permanent stasis, dig
shafts and tunnels, (antennae 3), four strong arms
a: no special abilities


You were on level 4 of the Dungeon.
You were a tree.
You visited 1 branch of the dungeon, and saw 5 of its levels.

You collected 186 gold pieces.


Innate Abilities, Weirdness & Mutations

You are a tree.
Your roots penetrate the ground, keeping you stationary.
You cannot be teleported.
You are immune to unholy pain and torment.
Your maximum health is greatly increased.
Your equipment is partially melded.
You cannot be hasted, slowed, berserked, paralysed or teleported.
You can dig through walls and to a lower floor.
((You have a pair of large antennae on your head. (SInv)))
Your four strong arms can wield two-handed weapons with a shield.


   Skills:
 - Level 3.2 Fighting
 + Level 7.0 Axes
 - Level 3.2 Armour
 - Level 4.0 Shields


You had 6 spell levels left.
You didn't know any spells.
Your spell library contained the following spells:

 Spells                   Type           Power      Damage    Failure   Level
 Summon Small Mammal      Summ           0%         N/A       47%         1
 Call Canine Familiar     Summ           0%         N/A       85%         3
 Inner Flame              Hex/Fire       0%         N/A       85%         3
 Summon Guardian Golem    Hex/Summ       0%         N/A       85%         3
 Flame Wave               Conj/Fire      0%         2d4       99%         4
 Sticky Flame             Conj/Fire      0%         2d3       99%         4

Inventory:

Hand Weapons
 a - a +0 war axe (weapon)
Armour
 b - a +0 scale mail (melded)
 c - a +1 buckler (worn)
 j - a +0 pair of boots (melded)
   (You found it on level 1 of the Dungeon)
 k - a +0 pair of gloves (melded)
   (You found it on level 3 of the Dungeon)
Jewellery
 f - an amulet of reflection (around neck)
   (You found it on level 2 of the Dungeon)
 h - a ring of positive energy (left branch)
   (You found it on level 4 of the Dungeon)
 o - an amulet of the acrobat
   (You found it on level 4 of the Dungeon)
Scrolls
 g - 3 scrolls of vulnerability
 m - a scroll of torment
 p - a scroll of poison {unknown}
 s - a scroll of amnesia
Potions
 d - 2 potions of might
 e - 2 potions of resistance {unknown}
 l - a potion of heal wounds
 n - a potion of ambrosia {unknown}
 r - 2 potions of attraction {unknown}

Dungeon Overview and Level Annotations

Branches:
Dungeon (5/15) Zot: 26681
 Temple: D:4-7

Altars:

Shops:
D:1 ( D:5

? ##.......##
####...#..###
#.#........####
###....##..#....#
#.........####..#
###.......##...##
###.......#...###
##o......#.....##.
#♣†......#.##...##
#)O..)............ ###
#....###.....#.... #.#
##...##......##... ##.###
#.....#.#######...
#....##
######.......######....
#.....#
#.##.##.......#........
#....##
##.##.............###...
##....#
##............<.....###..


You could see an orc warrior and an ogre.


Message History

The centaur hits you but does no damage.
You block the centaur's attack. The iguana barely misses you.
The hound closely misses you. 😕 HP[+28]
You regained 28 hp, and now have 40/47 hp.
You feel very mighty all of a sudden. The centaur barely misses you.
You block the centaur's attack. The hound bites you but does no damage.
The iguana bites you! 😮 HP[-7]
You take 7 damage, and now have 33/47 hp.
Unknown command.
You hit the iguana. You hit the hound.
You kill the hound!
You closely miss the centaur. You block the centaur's attack.
The centaur kicks you but does no damage.
You block the centaur's attack. x2; The iguana bites you! 😮 HP[-7]
You take 7 damage, and now have 26/47 hp.
Unknown command.
You barely miss the iguana. You barely miss the centaur. The centaur hits you.
* * * LOW HITPOINT WARNING * * *
The centaur kicks you.
* * * LOW HITPOINT WARNING * * *
The centaur hits you but does no damage.
You block the centaur's attack. The iguana barely misses you. 😨 HP[-4]
You take 4 damage, and now have 22/47 hp.
Unknown command.
You slice the centaur!!
You kill the centaur!
You hit the iguana.
You kill the iguana!
Your Axes skill increases to level 7!
You have reached level 7! 😨 HP[+3] MP[+1]
You now have 52 max hp (+5).
You regained 3 hp, and now have 25/52 hp.
Your mp is fully restored (7).
There is a stone staircase leading down here.
You see here a hound corpse.
You climb downwards.
The orc warrior misses you. The ogre hits you with a +0 giant club.
* * * LOW HITPOINT WARNING * * *
You block the orc warrior's attack.
The orc priest invokes the aid of Beogh against you.
Beogh smites you!
* * * LOW HITPOINT WARNING * * *
There is a stone staircase leading up, spattered with blood here.
Unknown command. 😱 HP[-12]
You take 12 damage, and now have 13/52 hp.
MASSIVE DAMAGE!! (PAUSE) Unknown command.
You feel much better. You block the ogre's attack. The orc warrior misses you.
The orc priest invokes the aid of Beogh against you.
Beogh smites you!
* * * LOW HITPOINT WARNING * * *
The orc priest invokes the aid of Beogh against you.
Beogh smites you!
* * * LOW HITPOINT WARNING * * *
😱 HP[-4]
You take 4 damage, and now have 9/52 hp.
Unknown command.
You feel much better. You block the orc warrior's attack.
The ogre hits you with a +0 giant club!!
* * * LOW HITPOINT WARNING * * *
😱 HP[-1]
You take 1 damage, and now have 8/52 hp.
Unknown command.
You block the orc warrior's attack.
The orc wizard casts a spell.
The orc wizard flickers and vanishes for a moment.
You climb upwards.
There is a stone staircase leading down here.
You see here a hound corpse. 😱 HP[+1] Unknown command.
Really quaff the potion of lignification?
You turn into a tree.
Your +0 pair of gloves melds into your body.
Your +0 pair of boots melds into your body.
Your +0 scale mail melds into your body.
Your roots penetrate the ground.
You block the ogre's attack.
The orc warrior hits you but does no damage. 😱 HP[+5]
You now have 78 max hp (+26).
You regained 5 hp, and now have 14/78 hp.
Unknown command.
You slash the ogre! You closely miss the orc warrior.
The ogre hits you with a +0 giant club.
* * * LOW HITPOINT WARNING * * *
You block the orc warrior's attack. 😱 HP[-5]
You take 5 damage, and now have 9/78 hp.
Unknown command.
Okay, then.
Unknown command.
You barely miss the ogre. You slash the orc warrior!
You block the orc warrior's attack. The ogre hits you with a +0 giant club!
You die...

Skill      XL: |  1  2  3  4  5  6 |
---------------+-------------------+-----
Axes           | 3 4 5 7 |  7.0
Fighting       | |  3.2
Armour         | |  3.2
Shields        | |  4.0

Action                     |  1- 3 |  4- 6 |  7- 9 || total
---------------------------+-------+-------+-------++-------
  Melee: War axe           |    79 |    88 |     2 ||   169
    Use: Scroll            |     8 |     2 |       ||    10
         Potion            |       |     2 |     3 ||     5
 Armour: Scale mail        |    32 |    54 |       ||    86
         Skin              |       |       |     1 ||     1
  Dodge: Dodged            |    37 |    43 |     2 ||    82
  Block: Buckler           |    24 |    84 |     7 ||   115
         Reflection        |       |     3 |       ||     3

Levels and vault maps discovered:
D:1:      minmay_arrival_loop, layout_basic, serial_shops,
          nicolae_shop_hallway_plus, ebering_ecumenical_altar_hall,
          minmay_lizard_pond
D:2:      layout_basic
D:3:      layout_loops_cross, chequers_serial_rivers_large_b
D:4:      layout_cave_pools
D:5:      layout_rooms, mainiacjoe_overflow_cross_hatched, serial_shops, shop,
          uniq_ijyb

Notes
Turn   | Place    | Note
-------+----------+-------------------------------------------
     0 | D:1      | ytrimaz the Formicid Fighter began the quest for the Orb.
     0 | D:1      | Reached XP level 1. HP: 18/18 MP: 1/1
     0 | D:1      | magus.rc [v1.9.6]
    50 | D:1      | Found a faded altar of an unknown god.
   101 | D:1      | Reached XP level 2. HP: 24/24 MP: 2/2
   170 | D:1      | Reached skill level 3 in Axes
   191 | D:1      | Reached XP level 3. HP: 27/29 MP: 3/3
   265 | D:1      | Found Ybbaffev's Weapon Emporium.
   303 | D:1      | You pick up a book of Callings and begin reading...
   303 | D:1      | You add the spells Summon Small Mammal, Call Canine
                  | Familiar and Summon Guardian Golem to your library.
  1164 | D:3      | You pick up a book of Flames and begin reading...
  1164 | D:3      | You add the spells Inner Flame, Sticky Flame and Flame Wave
                  | to your library.
  1170 | D:3      | Reached skill level 4 in Axes
  1170 | D:3      | Reached XP level 4. HP: 35/35 MP: 4/4
  1779 | D:4      | Noticed a scorpion
  1785 | D:4      | Killed a scorpion
  1786 | D:4      | Reached skill level 5 in Axes
  1786 | D:4      | Reached XP level 5. HP: 41/41 MP: 5/5
  2234 | D:5      | Entered Level 5 of the Dungeon
  2234 | D:5      | Found Kiptin's Magic Scroll Emporium.
  2243 | D:5      | Reached XP level 6. HP: 43/47 MP: 6/6
  2311 | D:5      | Noticed an orc warrior
  2318 | D:5      | Noticed an ogre
  2328 | D:4      | Reached skill level 6 in Axes
  2528 | D:4      | Reached skill level 7 in Axes
  2528 | D:4      | Reached XP level 7. HP: 25/52 MP: 7/7
  2530 | D:5      | HP: 13/52 [orc priest/divine providence (9)]
  2536 | D:4      | HP: 9/78 [ogre/+0 giant club (6)]
  2537 | D:4      | Slain by an ogre

Vanquished Creatures
  A centaur (D:4)
  A scorpion (D:4)
  An orc priest (D:5)
  A hound (D:4)
  An iguana (D:4)
  An orc wizard (D:4)
  4 adders
  A shadow imp (D:4)
  An ufetubus (D:4)
  3 dart slugs
  5 orcs
  3 bats
  7 endoplasms
  3 giant cockroaches (D:1)
  5 goblins
  7 hobgoblins
  3 jackals (D:1)
  A quokka (D:2)
  9 ball pythons
  9 frilled lizards
  6 kobolds
  5 rats
78 creatures vanquished.

Table legend:
 A = Non-vault XP
 B = Vault XP
 C = Vault XP percentage of total XP
 D = Non-vault monster count
 E = Vault monster count
 F = Vault count percentage of total count
                 A         B        C        D         E       F
            +---------+---------+-------+---------+---------+-------
      Total |     539 |       5 |   0.9 |      73 |       5 |   6.4
            +---------+---------+-------+---------+---------+-------
        D:1 |      40 |       5 |  11.1 |      24 |       5 |  17.2
        D:2 |      17 |       0 |   0.0 |       9 |       0 |   0.0
        D:3 |      29 |       0 |   0.0 |      11 |       0 |   0.0
        D:4 |     406 |       0 |   0.0 |      26 |       0 |   0.0
        D:5 |      47 |       0 |   0.0 |       3 |       0 |   0.0
            +---------+---------+-------+---------+---------+-------

Illustrated notes

Table legend:
 A = Kills in this place as a percentage of kills in the entire game.
 B = Kills by you in this place as a percentage of kills by you in the entire game.
 C = Kills by friends in this place as a percentage of kills by friends in the entire game.
 D = Other kills in this place as a percentage of other kills in the entire game.
 E = Experience gained in this place as a percentage of experience gained in the entire game.
 F = Experience gained in this place divided by the number of levels of this place that you have seen.
                   A       B       C       D       E      F
               +-------+-------+-------+-------+-------+----------------------
         Total | 100.0 | 100.0 |   N/A |   N/A | 100.0 | 108.8
       Dungeon | 100.0 | 100.0 |   N/A |   N/A | 100.0 | 108.8
               +-------+-------+-------+-------+-------+----------------------

Table legend: (Time is in decaauts)
 A = Elapsed time spent in this place.
 B = Non-inter-level travel time spent in this place.
 C = Inter-level travel time spent in this place.
 D = Time resting spent in this place.
 E = Time spent auto-exploring this place.
 F = Levels seen in this place.
 G = Mean time per level.
                   A        B        C        D        E       F      G
               +--------+--------+--------+--------+--------+-----+--------+
         Total |   2621 |   2518 |    103 |    198 |   1784 |   5 |  524.2 |
       Dungeon |   2621 |   2518 |    103 |    198 |   1784 |   5 |  524.2 |
               +--------+--------+--------+--------+--------+-----+--------+

Top non-repeatable levels by time:
     D:4: 837 daAuts
     D:3: 794 daAuts
     D:1: 588 daAuts
     D:2: 370 daAuts
     D:5: 31 daAuts
